 Dungeon Crawl Stone Soup version 0.26-a0-771-g060e6a62af (webtiles) character file.

Game seed: 14608208141001333499

133826 KristoblXynda the Fencer (level 16, -5/146 HPs)
             Began as a Purple Draconian Berserker on Nov 8, 2020.
             Was the Champion of Trog.
             Slain by a spriggan rider
             ... wielding a +0 spear
              (27 damage)
             ... on level 1 of the Swamp.
             The game lasted 01:05:00 (35708 turns).

KristoblXynda the Fencer (DrBe)                    Turns: 35708, Time: 01:05:01

Health: -5/146     AC: 19    Str: 25    XL:     16   Next: 60%
Magic:  0/16       EV: 22    Int: 12    God:    Trog [******]
Gold:   3219       SH:  0    Dex: 15    Spells: 15/15 levels left

rFire    + + .     SeeInvis +   M - +9 great sword (flame)
rCold    + . .     Faith    .   (shield currently unavailable)
rNeg     + . .     Spirit   +   (armour unavailable)
rPois    +         Reflect  .   R - +2 hat
rElec    .         Harm     +   w - +1 cloak of the Four Dances {Harm Regen+ SInv}
rCorr    .         Rampage  +   G - +2 pair of gloves
MR       +....                  B - +2 pair of boots {rampage}
Stlth    +++.......             N - amulet "Kinno" {Spirit rF++ rN+ MR- Str+3}
HPRegen  0.74/turn              C - ring of poison resistance
MPRegen  0.15/turn              S - ring "Oblos" {rC+ Dex+4}

@: slowed, very slow
A: breathe power, unfitting armour, cold-blooded, AC +9
a: Breathe Dispelling Energy, Berserk, Trog's Hand, Brothers in Arms, Renounce
Religion


You were on level 1 of the Swamp.
You worshipped Trog.
Trog was exalted by your worship.
You visited 5 branches of the dungeon, and saw 25 of its levels.
You also visited: Sewer, Ossuary, Gauntlet and Ice Cave.

You collected 3684 gold pieces.
You spent 465 gold pieces at shops.

Inventory:

Hand Weapons
 n - the +8 double sword of Wyrd {elec, +Blink rF+ rC- Str+7}
   (You acquired it on level 2 of the Orcish Mines)

   Occasionally, upon striking a foe, it will discharge some electrical energy
   and cause terrible harm.
   It affects your strength (+7).
   It protects you from fire.
   It makes you vulnerable to cold.
   It lets you blink.
 M - a +9 great sword of flaming (weapon)
Missiles
 z - a throwing net
 O - 24 javelins (quivered)
Armour
 w - the +1 cloak of the Four Dances (worn) {Harm Regen+ SInv}
   (You found it in a Gauntlet)

   It lets you see invisible.
   It increases your rate of regeneration.
   It increases damage dealt and taken.
 B - a +2 pair of boots of rampaging (worn)
 G - a +2 pair of gloves (worn)
 P - a +1 kite shield of reflection
 R - a +2 hat (worn)
Jewellery
 C - a ring of poison resistance (left hand)
 I - a +4 ring of slaying
 N - the amulet "Kinno" (around neck) {Spirit rF++ rN+ MR- Str+3}
   (You found it in an ice cave)

   [amulet of guardian spirit]

   It causes incoming damage to be split between your health and magic.
   It affects your strength (+3).
   It greatly protects you from fire.
   It protects you from negative energy.
   It affects your resistance to hostile enchantments.
 S - the ring "Oblos" (right hand) {rC+ Dex+4}
   (You found it in a Gauntlet)

   [ring of protection from cold]

   It affects your dexterity (+4).
   It protects you from cold.
Wands
 k - a wand of iceblast (38)
 q - a wand of disintegration (9)
 r - a wand of paralysis (1)
 A - a wand of digging (7)
Scrolls
 b - 12 scrolls of teleportation
 d - 13 scrolls of remove curse
 e - 4 scrolls of immolation
 g - 3 scrolls of enchant armour
 o - 7 scrolls of amnesia
 t - 5 scrolls of magic mapping
 x - 6 scrolls of fog
 F - a scroll of blinking
 H - 7 scrolls of identify
Potions
 a - a potion of invisibility
 c - 5 potions of attraction
 f - 2 potions of haste
 h - 8 potions of ambrosia
 j - 15 potions of curing
 l - 9 potions of flight
 m - 5 potions of lignification
 p - 6 potions of berserk rage
 s - 4 potions of mutation
 u - 3 potions of heal wounds
 v - 4 potions of magic
 E - 5 potions of might
 J - a potion of brilliance


   Skills:
 + Level 14.0 Fighting
 + Level 16.5 Long Blades
 - Level 5.1 Throwing
 + Level 14.1 Dodging
 - Level 5.1 Stealth
 + Level 12.8 Shields
 - Level 5.1 Evocations


You had 15 spell levels left.
You didn't know any spells.
Your spell library contained the following spells:

 Spells                   Type           Power        Failure   Level
 Animate Skeleton         Necr           #.....       32%         1
 Beastly Appendage        Tmut           #.....       32%         1
 Pain                     Necr           #...         32%         1
 Shock                    Conj/Air       #...         32%         1
 Corpse Rot               Necr/Air       N/A          45%         2
 Ensorcelled Hibernation  Hex/Ice        #.....       45%         2
 Sublimation of Blood     Necr           #.........   45%         2
 Swiftness                Air            #.......     45%         2
 Wereblood                Tmut           #.......     45%         2
 Spider Form              Tmut/Pois      #.........   69%         3
 Static Discharge         Conj/Air       #.......     69%         3
 Vampiric Draining        Necr           #.........   69%         3
 Airstrike                Air            #.........   97%         4
 Animate Dead             Necr           #.........   97%         4
 Cause Fear               Hex            #.........   97%         4
 Dispel Undead            Necr           #.......     97%         4
 Ice Form                 Ice/Tmut       #.......     97%         4
 Agony                    Necr           #.......     100%        5
 Blade Hands              Tmut           #.........   100%        5
 Borgnjor's Vile Clutch   Necr/Erth      #.........   100%        5
 Excruciating Wounds      Necr           #.........   100%        5
 Lightning Bolt           Conj/Air       #.........   100%        5
 Silence                  Hex/Air        #.........   100%        5
 Yara's Violent Unravell  Hex/Tmut       #.........   100%        5
 Shadow Creatures         Summ           N/A          100%        6
 Discord                  Hex            #.........   100%        8


Dungeon Overview and Level Annotations

Branches:
Dungeon (15/15)            Temple (1/1) D:6            Lair (6/6) D:8
  Swamp (1/4) Lair:2        Snake (0/4) Lair:3        Slime (0/5) Lair:5
    Orc (2/2) D:11            Elf (0/3) Orc:2        Vaults (0/5) D:13
 Depths (0/5) D:15          Sewer (visited)         Ossuary (visited)
  IceCv (visited)         Gauntlet (visited)

Altars:
Ashenzari
Cheibriados
Dithmenos
Elyvilon
Fedhas
Gozag
Hepliaklqana
Kikubaaqudgha
Makhleb
Nemelex Xobeh
Okawaru
Qazlal
Ru
Sif Muna
Trog
Uskayaw
Vehumet
Wu Jian
Xom
Yredelemnul
Zin
The Shining One
Beogh
Jiyva
Lugonu

Shops:
D:8 !   D:9 (   D:14 }   Orc:2 [?([*

Portals:
Hell: Lair:6
Trove: D:11 (give +3 gold dragon scales)

Annotations:
Lair:3 exclusion: oklob plant


Innate Abilities, Weirdness & Mutations

You can breathe bolts of dispelling energy.
Your rich purple scales are hard. (AC +9)
You cannot fit into any form of body armour.
You are cold-blooded and may be slowed by cold attacks.


Message History

The spriggan rider hits you with a +0 spear!
* * * LOW HITPOINT WARNING * * *
The spriggan rider hits you but does no damage.
Unknown command.
Your unstable footing causes you to fumble your attack.
The spriggan rider closely misses you.
The spriggan rider hits you with a +0 spear!!
* * * LOW HITPOINT WARNING * * *
Unknown command.
Unknown command.
Unknown command.
Press: ? - help, Dir - move target cursor
As you read the scroll of blinking, it crumbles to dust.
Press: ? - help, Dir - move target cursor
As you read the scroll of blinking, it crumbles to dust.
You enter the shallow water.
Moving in this stuff is going to be slow.
The spriggan rider barely misses you.
The spriggan rider hits you from afar with a +0 spear!!
You die...

♣♣♣♣≈.≈≈...........♣♣♣♣
♣♣.♣♣.≈≈≈≈≈≈≈≈≈≈≈...♣ ♣
♣.≈.♣.≈≈≈≈≈≈≈≈≈≈...≈♣ ≈♣♣♣♣
♣.≈......≈≈≈§≈≈≈.≈≈.♣
....♣♣♣♣♣♣.≈≈≈≈≈≈≈≈≈≈≈....♣
≈≈.≈≈...♣.≈≈≈.≈≈≈§≈≈≈.♣♣♣♣♣
≈≈.♣.≈≈≈..≈≈...≈≈≈≈≈≈≈.♣♣♣♣
≈≈...≈≈...≈≈≈..≈≈≈.≈≈..≈≈≈♣
≈≈.♣♣♣♣.≈.....i≈@...<.♣...♣♣
.)≈♣ ♣≈♣♣≈≈♣≈≈≈≈..♣♣♣♣≈≈≈.♣
.≈.♣♣♣♣♣♣♣♣♣♣≈≈≈≈.♣♣♣..≈§≈.♣
≈.....♣ ♣♣...♣♣ ♣.≈≈≈≈≈♣
(≈≈≈≈..♣ ♣♣♣♣♣ ♣.≈≈≈≈.♣♣
.≈≈≈≈≈≈♣ ♣.≈≈≈≈.≈♣♣♣♣
..≈≈≈≈≈♣ ♣♣.≈≈≈..≈..♣♣
..[≈≈§≈≈≈ ♣♣≈....≈>.≈♣
♣♣..≈≈≈≈≈ ♣♣♣≈.♣≈≈...♣


You could see a spriggan rider.

Vanquished Creatures
  Rupert (Lair:3)
  Gastronok (Lair:1)
  The ghost of Qeteel the Arsonist, a journeyman DrTm of Sif Muna (D:14)
  The ghost of Busuxiod the Arsonist, a journeyman DrTm of Sif Muna (D:14)
  Nessos (Orc:2)
  A minotaur (Gauntlet)
  An ettin (Orc:1)
  2 ice dragons (IceCv)
  Fannar (Lair:3)
  11 hydras
  2 boulder beetles (Lair:4)
  A hell beast (Lair:6)
  A ghost crab (Gauntlet)
  4 centaur warriors
  7 two-headed ogres
  2 tengu warriors (D:13)
  2 catoblepae
  A death yak (D:8)
  2 thrashing horrors (Gauntlet)
  An orc high priest (Orc:2)
  An ogre mage (D:15)
  Urug (D:13)
  The ghost of tensugalgo the Spear-Bearer, a novice FoAK of Lugonu (D:7)
  A deep elf knight (D:11)
  Nergalle (Lair:3)
  Sonja (Lair:1)
  A soul eater (Gauntlet)
  A skeletal warrior (D:14)
  2 unseen horrors
  A swamp dragon (Swamp:1)
  3 bog bodies
  3 wizards
  14 orc knights
  2 deep elf magi
  2 orc sorcerers (Orc:2)
  14 ugly things
  11 cyclopes
  An oklob plant (Lair:4)
  A moth of wrath (D:7)
  5 manticores
  6 black mambas
  2 naga magi (D:15)
  2 ice statues (IceCv)
  3 gargoyles
  A smoke demon (Lair:6)
  8 kobold demonologists
  9 rime drakes
  11 cane toads
  A yaktaur (D:13)
  3 ice devils (Lair:6)
  11 komodo dragons
  2 tengu conjurers
  9 trolls
  3 red devils (Lair:6)
  3 tyrant leeches (Swamp:1)
  A bloated husk (Swamp:1)
  A queen bee (D:12)
  A polar bear (Lair:6)
  9 meliai
  A hornet (Swamp:1)
  2 slime creatures (D:13)
  27 blink frogs
  A meliai zombie (D:15)
  15 dream sheep
  3 wraiths
  2 wyverns
  A vampire (D:15)
  3 shadows
  16 humans
  81 yaks
  3 basilisks
  2 steam dragons
  4 vampire mosquitoes (D:14)
  A warg (Orc:1)
  2 swamp worms (Swamp:1)
  2 nagas (Lair:3)
  A soldier ant (D:12)
  4 hell hounds (Lair:6)
  2 acid dragons
  18 water moccasins
  4 small abominations (Gauntlet)
  A hornet zombie (D:13)
  28 ice beasts
  Purgy (Sewer)
  50 orc warriors
  7 sky beasts
  A black bear (shapeshifter) (D:14)
  An eye of draining (shapeshifter) (D:14)
  3 phantoms
  4 black bears
  17 centaurs
  2 eyes of draining
  13 wolves
  13 ogres
  An elf zombie (D:4)
  2 big kobolds (D:8)
  20 bullfrogs
  A gnoll sergeant (D:8)
  A wyvern zombie (D:11)
  A wyvern skeleton (D:14)
  An elf skeleton (D:4)
  4 scorpions
  17 killer bees
  20 wights
  7 howler monkeys
  2 centaur zombies
  A bullfrog zombie (D:10)
  6 jellies
  A gnoll shaman (D:3)
  5 hounds
  26 orc priests
  3 centaur skeletons
  5 iguanas
  Ijyb (D:5)
  A human skeleton (D:4)
  27 orc wizards
  3 hell rats (D:8)
  14 worker ants
  A killer bee zombie (D:6)
  A hound zombie (D:6)
  13 mummies (Ossuary)
  A worker ant zombie (D:8)
  15 gnolls
  14 adders
  3 river rats (D:8)
  5 shadow imps
  2 white imps
  3 ufetubi
  An adder skeleton (D:5)
  A worm (D:3)
  2 dart slugs (D:1)
  4 leopard geckos
  112 orcs
  11 bats
  6 giant cockroaches
  6 goblins
  2 hobgoblins
  4 jackals (D:3)
  6 quokkas
  3 frilled lizards
  2 gnoll skeletons (Ossuary)
  A goblin skeleton (Ossuary)
  11 kobolds
  3 kobold skeletons (Ossuary)
  A leopard gecko skeleton (D:3)
  4 orc skeletons
  An orc zombie (D:4)
  6 rats
  11 rat skeletons (Ossuary)
959 creatures vanquished.

Vanquished Creatures (collateral kills)
  A hydra (Lair:3)
  2 death yaks
  3 skeletal warriors (D:14)
  A deep elf mage (D:14)
  A manticore (D:14)
  A cane toad (Lair:3)
  A centaur skeleton (D:14)
  An orc warrior (D:14)
  A centaur (D:14)
  A bullfrog (D:14)
  A wight (D:14)
  An orc priest (D:14)
  An orc (D:14)
16 creatures vanquished.

Vanquished Creatures (others)
  A spriggan druid (Swamp:1)
  3 bloated husks (Swamp:1)
  3 spriggans (Swamp:1)
  5 yaks (Lair:5)
  2 orcs (D:8)
  5 demonic plants (D:12)
  35 fungi
  72 plants
  22 withered plants
148 creatures vanquished.

Grand Total: 1123 creatures vanquished

Notes
Turn   | Place    | Note
-------+----------+-------------------------------------------
     0 | D:1      | KristoblXynda the Draconian Berserker began the quest for
                  | the Orb.
     0 | D:1      | Reached XP level 1. HP: 19/19 MP: 1/1
   186 | D:1      | Reached XP level 2. HP: 23/26 MP: 2/2
  1011 | D:2      | Found a snail-covered altar of Cheibriados.
  1090 | D:2      | Reached XP level 3. HP: 33/33 MP: 3/3
  1367 | D:2      | Found a faded altar of an unknown god.
  1385 | D:2      | Reached ** piety under Trog
  1764 | D:2      | Reached XP level 4. HP: 35/40 MP: 4/4
  1968 | D:3      | Reached skill level 4 in Long Blades
  1998 | D:3      | Reached XP level 5. HP: 43/47 MP: 5/5
  2123 | D:3      | Found a glowing drain.
  2140 | Sewer    | Entered a sewer
  2169 | Sewer    | Noticed Purgy
  2175 | Sewer    | Killed Purgy
  2175 | Sewer    | Reached skill level 5 in Long Blades
  2175 | Sewer    | Reached XP level 6. HP: 55/55 MP: 6/6
  2468 | D:3      | Reached *** piety under Trog
  2585 | D:3      | Reached skill level 5 in Fighting
  2768 | D:3      | Found a broken altar of Ashenzari.
  2775 | D:3      | Saw a vision of the Swamp and the Snake Pit.
  2775 | D:3      | Noticed a naga
  2775 | D:3      | Noticed a naga
  2775 | D:3      | Noticed a salamander
  2775 | D:3      | Noticed an anaconda
  2775 | D:3      | Noticed a black mamba
  2775 | D:3      | Noticed a swamp drake
  3187 | D:4      | Your scales start taking on a rich purple colour.
  3187 | D:4      | Reached XP level 7. HP: 44/61 MP: 7/7
  3259 | D:4      | Reached skill level 6 in Long Blades
  3320 | D:4      | Found a sand-covered staircase.
  3381 | Ossuary  | Entered an ossuary
  3922 | Ossuary  | Reached **** piety under Trog
  4618 | D:4      | Reached skill level 7 in Long Blades
  4618 | D:4      | Reached skill level 5 in Dodging
  4680 | D:4      | Reached XP level 8. HP: 51/70 MP: 8/8
  5245 | D:5      | Entered Level 5 of the Dungeon
  6087 | D:5      | Noticed Ijyb
  6096 | D:5      | Killed Ijyb
  6339 | D:5      | Reached skill level 8 in Long Blades
  7241 | D:6      | Found a staircase to the Ecumenical Temple.
  7255 | Temple   | Entered the Ecumenical Temple
  7574 | D:6      | Reached XP level 9. HP: 52/79 MP: 9/9
  7680 | D:6      | Reached skill level 9 in Long Blades
  8178 | D:7      | Found a stormy altar of Qazlal.
  8315 | D:7      | Found a bloodstained altar of Trog.
  8514 | D:7      | Found a transporter.
  8520 | D:7      | Found a transporter.
  8520 | D:7      | Noticed a moth of wrath
  8539 | D:7      | Noticed tensugalgo's ghost (novice FoAK)
  8540 | D:7      | Found the +2 cloak of the Thief {*Fog Slay-2 SInv Stlth+}
  9165 | D:8      | Reached ***** piety under Trog
  9167 | D:8      | Noticed a death yak
  9167 | D:8      | Noticed a death yak
  9167 | D:8      | Noticed a death yak
  9241 | D:7      | Killed a death yak
  9241 | D:7      | Reached skill level 10 in Long Blades
  9934 | D:8      | Killed a death yak
  9934 | D:8      | Reached skill level 1 in Shields
  9934 | D:8      | Reached XP level 10. HP: 90/90 MP: 10/10
 10069 | D:8      | Found a staircase to the Lair.
 10644 | D:8      | Found Qiuf's Distillery.
 10654 | D:8      | Bought a potion of curing for 30 gold pieces
 10654 | D:8      | Bought a potion of curing for 30 gold pieces
 10654 | D:8      | Bought a potion of might for 40 gold pieces
 10654 | D:8      | Bought a potion of heal wounds for 50 gold pieces
 10709 | D:8      | Killed a death yak
 11202 | D:8      | Reached skill level 1 in Evocations
 11952 | D:9      | Found Engohoy's Weapon Shoppe.
 12045 | D:9      | Reached skill level 11 in Long Blades
 12941 | D:10     | Entered Level 10 of the Dungeon
 12956 | D:10     | Reached skill level 10 in Fighting
 13182 | D:10     | Reached XP level 11. HP: 97/99 MP: 11/11
 13986 | D:11     | Noticed a purple ugly thing
 14004 | D:10     | Killed a purple ugly thing
 14052 | D:11     | Noticed a purple ugly thing
 14091 | D:10     | Killed a purple ugly thing
 14497 | D:11     | Reached skill level 12 in Long Blades
 14497 | D:11     | Reached skill level 5 in Evocations
 14501 | D:11     | Noticed a two-headed ogre
 14515 | D:11     | Killed a two-headed ogre
 14996 | D:11     | Found a staircase to the Orcish Mines.
 14999 | D:11     | Found a roughly hewn altar of Beogh.
 15214 | D:11     | Noticed a deep elf knight
 15215 | D:11     | Noticed an orc knight
 15231 | D:11     | Noticed an orc knight
 15232 | D:11     | Killed a deep elf knight
 15653 | D:11     | Noticed a two-headed ogre
 15662 | D:11     | Killed a two-headed ogre
 16136 | D:7      | Killed tensugalgo's ghost
 16408 | Lair:1   | Entered Level 1 of the Lair of Beasts
 16422 | Lair:1   | Noticed Sonja
 16506 | Lair:1   | Received a gift from Trog
 16506 | Lair:1   | Reached XP level 12. HP: 107/107 MP: 12/12
 16515 | Lair:1   | Reached skill level 5 in Shields
 16529 | Lair:1   | Killed Sonja
 17289 | Lair:1   | Noticed Gastronok
 17301 | Lair:1   | Killed Gastronok
 17301 | Lair:1   | Reached skill level 10 in Dodging
 17622 | Lair:1   | Noticed a four-headed hydra
 17628 | Lair:1   | Killed a seven-headed hydra
 17628 | Lair:1   | Reached skill level 13 in Long Blades
 18381 | Lair:2   | Noticed a four-headed hydra
 18676 | Lair:2   | Noticed a seven-headed hydra
 18700 | Lair:2   | Killed an eight-headed hydra
 19206 | Lair:2   | Killed a seven-headed hydra
 19324 | Lair:2   | Reached XP level 13. HP: 108/117 MP: 13/13
 19962 | Lair:2   | Found a staircase to the Swamp.
 19968 | Lair:2   | Received a gift from Trog
 20359 | D:11     | Found a portal to a secret trove of treasure.
 21055 | D:12     | Found a corrupted altar of Lugonu.
 21701 | D:12     | Reached skill level 14 in Long Blades
 22230 | D:13     | Found a gate to the Vaults.
 22230 | D:13     | Noticed Urug
 22439 | D:13     | Found a basalt altar of Yredelemnul.
 22464 | D:13     | Reached ****** piety under Trog
 22491 | D:13     | Received a gift from Trog
 23287 | D:13     | Killed Urug
 23339 | D:13     | Reached XP level 14. HP: 107/129 MP: 14/14
 23427 | D:13     | Reached skill level 1 in Throwing
 24483 | D:14     | Found Jaciluke's Gadget Emporium.
 24542 | D:14     | Found a gate leading to a gauntlet.
 24556 | Gauntlet | Entered a Gauntlet
 24556 | Gauntlet | Found a transporter.
 24556 | Gauntlet | Found a transporter.
 24556 | Gauntlet | Found a transporter.
 24638 | Gauntlet | Found a transporter.
 24641 | Gauntlet | Found a transporter.
 24642 | Gauntlet | Found a transporter.
 24643 | Gauntlet | Found a large runed translucent door.
 24644 | Gauntlet | Found a large runed translucent door.
 24645 | Gauntlet | Found a large runed translucent door.
 24645 | Gauntlet | Found a large runed translucent door.
 24645 | Gauntlet | Found a runed translucent door.
 24645 | Gauntlet | Found a runed translucent door.
 24646 | Gauntlet | Found a large runed translucent door.
 24646 | Gauntlet | Found a large runed translucent door.
 24646 | Gauntlet | Found a large runed translucent door.
 24646 | Gauntlet | Found a large runed translucent door.
 24647 | Gauntlet | Found a large runed translucent door.
 24647 | Gauntlet | Found a large runed translucent door.
 24647 | Gauntlet | Found a large runed translucent door.
 24648 | Gauntlet | Found a large runed translucent door.
 24648 | Gauntlet | Found a large runed translucent door.
 24649 | Gauntlet | Found a runed translucent gate.
 24649 | Gauntlet | Found a runed translucent gate.
 24649 | Gauntlet | Found a runed translucent gate.
 24653 | Gauntlet | Found a transporter.
 24655 | Gauntlet | Found a transporter.
 24672 | Gauntlet | Found a transporter.
 24763 | Gauntlet | Found a large runed translucent door.
 24766 | Gauntlet | Found a large runed translucent door.
 24766 | Gauntlet | Found a large runed translucent door.
 24769 | Gauntlet | Found a transporter.
 24773 | Gauntlet | Found a transporter.
 24787 | Gauntlet | Found a transporter.
 24925 | Gauntlet | Received a gift from Trog
 25162 | Gauntlet | Got a faintly humming cloak
 25173 | Gauntlet | Identified the +1 cloak of the Four Dances {Harm Regen+
                  | SInv} (You found it in a Gauntlet)
 25223 | Gauntlet | Got an ancient wooden ring
 25228 | Gauntlet | Identified the ring "Oblos" {rC+ Dex+4} (You found it in a
                  | Gauntlet)
 25251 | D:14     | Reached skill level 10 in Shields
 25792 | D:14     | Found a runed translucent gate.
 25793 | D:14     | Found a runed translucent gate.
 25793 | D:14     | Noticed Qeteel's ghost (journeyman DrTm)
 25794 | D:14     | Found a runed translucent gate.
 25794 | D:14     | Noticed Busuxiod's ghost (journeyman DrTm)
 25812 | D:14     | Killed Busuxiod's ghost
 25829 | D:14     | Killed Qeteel's ghost
 26147 | D:15     | Entered Level 15 of the Dungeon
 26151 | D:15     | Reached skill level 15 in Long Blades
 26752 | D:15     | Found a sparkling altar of Nemelex Xobeh.
 26812 | D:15     | Reached skill level 5 in Throwing
 26819 | D:15     | Received a gift from Trog
 26856 | D:15     | Reached XP level 15. HP: 135/135 MP: 15/15
 26986 | D:15     | Found a staircase to the Depths.
 27765 | Lair:3   | Noticed Rupert
 27769 | Lair:3   | Paralysed by Rupert for 6 turns
 27784 | Lair:3   | Killed Rupert
 27800 | Lair:3   | Noticed Nergalle
 27866 | Lair:3   | Noticed Fannar
 27875 | Lair:3   | Killed Nergalle
 27915 | Lair:3   | Killed Fannar
 28244 | Lair:3   | Found a staircase to the Snake Pit.
 28394 | Lair:3   | Found a shadowy altar of Dithmenos.
 28906 | Lair:4   | Got a pair of faintly glowing gloves
 28917 | Lair:4   | Identified the cursed +0 pair of gloves "Vualiwn" {Int+4}
                  | (You found it on level 4 of the Lair of Beasts)
 29023 | Lair:4   | Received a gift from Trog
 29030 | Lair:4   | Found a transporter.
 29031 | Lair:4   | Found a transporter.
 29294 | Lair:4   | Found a burning altar of Makhleb.
 30120 | Lair:5   | Found a viscous altar of Jiyva.
 30120 | Lair:5   | Found a staircase to the Slime Pits.
 30722 | Lair:6   | Entered Level 6 of the Lair of Beasts
 30822 | Lair:6   | Found a frozen archway.
 30843 | IceCv    | Entered an ice cave
 30848 | IceCv    | Received a gift from Trog
 31032 | IceCv    | Reached skill level 1 in Stealth
 31053 | IceCv    | Got a glittering copper amulet
 31116 | IceCv    | Identified the amulet "Kinno" {Spirit rF++ rN+ MR- Str+3}
                  | (You found it in an ice cave)
 31406 | Lair:6   | Reached skill level 16 in Long Blades
 31554 | Lair:6   | Reached XP level 16. HP: 146/146 MP: 16/16
 31994 | Lair:6   | Found a burning altar of Makhleb.
 32026 | Lair:6   | Received a gift from Trog
 32053 | Lair:6   | Found a gateway to Hell.
 32734 | Orc:1    | Entered Level 1 of the Orcish Mines
 32774 | Orc:1    | Found a roughly hewn altar of Beogh.
 33236 | Orc:1    | Received a gift from Trog
 33846 | Orc:2    | Entered Level 2 of the Orcish Mines
 33847 | Orc:2    | Identified a scroll of acquirement
 33848 | Orc:2    | Acquired the +8 double sword of Wyrd {elec, +Blink rF+ rC-
                  | Str+7}
 34084 | Orc:2    | Found Qetet's General Store.
 34517 | Orc:2    | Found Tomyn's Magic Scroll Shop.
 34517 | Orc:2    | Found Cinel's Antique Weapon Shoppe.
 34519 | Orc:2    | Found Pastru's Antique Armour Emporium.
 34521 | Orc:2    | Found Jaatuviem's Antique Armour Boutique.
 34525 | Orc:2    | Bought a scroll of enchant weapon for 105 gold pieces
 34525 | Orc:2    | Bought a scroll of enchant weapon for 105 gold pieces
 34525 | Orc:2    | Bought a scroll of enchant armour for 105 gold pieces
 34607 | Orc:2    | Received a gift from Trog
 34932 | Orc:2    | Found a staircase to the Elven Halls.
 34937 | Orc:2    | Noticed Nessos
 34950 | Orc:2    | Killed Nessos
 35446 | Swamp:1  | Entered Level 1 of the Swamp
 35628 | Swamp:1  | Reached skill level 5 in Stealth
 35708 | Swamp:1  | Slain by a spriggan rider

Illustrated notes

Levels and vault maps discovered:
D:1:      roderic_crossed_star, layout_loops_ring, serial_forest,
          infiniplex_forest_clump_large, infiniplex_forest_lined_room_2,
          infiniplex_forest_zigzag_1, infiniplex_forest_end_2
D:2:      wander_river, layout_basic, chequers_ecumenical_altar_lobes,
          interstate_on_off, cheibriados_altar_1
D:3:      minmay_wonky_spiral, layout_loops_ring, portal_sewer_entry_d,
          st_stairs_11, minivault_14, grunt_ashenzari_visionary
          [grunt_ashenzari_visionary_swamp, grunt_ashenzari_visionary_snake]
D:4:      layout_loops_ring, nicolae_ossuary_entry_catacombs,
          hangedman_decor_peaks_small, minivault_19
D:5:      layout_basic, uniq_ijyb
D:6:      layout_rooms, minmay_temple_entry_sparse_star
D:7:      layout_basic, basic_altar, gammafunk_ghost_berserking_beasts,
          grunt_qazlal_sundering
D:8:      kennysheep_windowed_halls, layout_loops_cross, dpeg_lair_monsters,
          serial_shops, shop, serial_bayou_pond_c
D:9:      layout_loops_ring, serial_shops, shop
D:10:     layout_rooms, solitary_fountain
D:11:     layout_loops_ring, minmay_orc_entry_temple_small, enter_trove_3,
          serial_glass, glass_columns_a, glass_columns_a, sword_in_stone
D:12:     kennysheep_kobold_lugonu_temple, layout_rooms, minivault_7
D:13:     layout_loops_ring, david_vaults_3, basic_altar
D:14:     layout_irregular_city, gauntlet_entry_generic, minivault_27,
          gammafunk_ghost_cemetery, serial_shops, kennysheep_mini_moat
D:15:     grunt_enter_depths_magical_seal, layout_irregular_city,
          hangedman_decor_slide_cut, chequers_serial_rivers_large_a,
          nemelex_diamond_rough_becter
Temple:   kilobyte_greek_temple
Lair:1:   layout_small_grid, uniq_gastronok, uniq_sonja
Lair:2:   layout_chaotic_city, skrybe_swamp_entry_bodies, grunt_megastairs_3
Lair:3:   layout_cave_shapes, guppyfry_snake_entry_island, basic_altar,
          infiniplex_staircase_pool_2, serial_bayou_shore_b, lemuel_fruit_tree,
          minmay_lair_oklob_chamber, uniq_rupert, uniq_fannar, uniq_nergalle
Lair:4:   gammafunk_boulding_lane, layout_misc_corridors, lemuel_oklob_altar,
          infiniplex_staircase_pool
Lair:5:   layout_long_grid, dpeg_slime_entry_enclosed_altar
Lair:6:   evil_forest, layout_small_grid, portal_ice_cave_entry_ice_beasts,
          grunt_megastairs_4
Swamp:1:  layout_basic_swamp, nicolae_swamp_little_tower, roderic_carrion_pond
Orc:1:    layout_caves, special_room [special_room_orc],
          nicolae_orc_pool_cavern, guppyfry_library_mini
Orc:2:    st_orc_rangers, layout_caves, serial_shops, nicolae_shop_statue_plus,
          uniq_nessos

Skill      XL: |  1  2  3  4  5  6  7  8  9 10 11 12 13 14 15 16 |
---------------+-------------------------------------------------+-----
Dodging        | 3 4 5 6 7 8 9 10 11 12 13 14 | 14.1
Fighting       | 4 5 6 7 8 10 11 13 14 | 14.0
Long Blades    | 4 5 7 8 10 11 12 13 14 15 16 | 16.5
Shields        | 1 3 4 7 9 10 12 | 12.8
Evocations     | 3 5 |  5.1
Throwing       | 5 |  5.1
Stealth        | 2 5 |  5.1

Action                   |  1- 3 |  4- 6 |  7- 9 | 10-12 | 13-15 | 16-18 || total
-------------------------+-------+-------+-------+-------+-------+-------++-------
Melee: Falchion          |    71 |   158 |   186 |       |       |       ||   415
       Tailslap          |     9 |    23 |    68 |   124 |   141 |    61 ||   426
       Long sword        |       |       |    70 |       |       |       ||    70
       Scimitar          |       |       |   163 |   408 |       |       ||   571
       Great sword       |       |       |       |   268 |   904 |   259 ||  1431
       Double sword      |       |       |       |       |       |    45 ||    45
       Demon blade       |       |       |       |       |       |    29 ||    29
Throw: Javelin           |       |       |       |       |       |     3 ||     3
Invok: Berserk           |     2 |     5 |    11 |    16 |    14 |     1 ||    49
       Brothers in Arms  |       |       |     1 |     1 |     5 |       ||     7
       Trog's Hand       |       |       |       |     1 |     1 |     1 ||     3
Evoke: Wand              |       |       |     1 |     8 |     8 |     6 ||    23
  Use: Scroll            |       |     7 |     7 |    12 |    14 |     9 ||    49
       Potion            |       |       |     1 |     4 |    10 |       ||    15
 Stab: Sleeping          |     2 |       |       |     1 |     1 |     3 ||     7
       Distracted        |       |       |     1 |       |     2 |     1 ||     4
       Paralysed         |       |       |       |     5 |    11 |       ||    16
Armor: Skin              |    10 |    48 |    62 |   222 |   228 |    78 ||   648
Dodge: Dodged            |    52 |   148 |   248 |   677 |   939 |   312 ||  2376
Block: Kite shield       |       |       |       |       |       |    43 ||    43
       Reflection        |       |       |       |       |       |    12 ||    12
       Rpst.: Falchion   |    16 |    53 |    25 |       |       |       ||    94
       Scimitar          |       |       |    34 |    89 |       |       ||   123
       Long sword        |       |       |    10 |       |       |       ||    10
       Great sword       |       |       |       |    79 |   256 |    66 ||   401
       Demon blade       |       |       |       |       |       |     4 ||     4
       Double sword      |       |       |       |       |       |     4 ||     4

Table legend: (Time is in decaauts)
 A = Elapsed time spent in this place.
 B = Non-inter-level travel time spent in this place.
 C = Inter-level travel time spent in this place.
 D = Time resting spent in this place.
 E = Time spent auto-exploring this place.
 F = Levels seen in this place.
 G = Mean time per level.
                   A        B        C        D        E       F      G
               +--------+--------+--------+--------+--------+-----+--------+
         Total |  36141 |  34138 |   2003 |  12651 |  13741 |  29 | 1246.2 |
       Dungeon |  22183 |  20918 |   1265 |   7950 |   8613 |  15 | 1478.9 |
        Temple |    297 |    250 |     47 |      0 |    249 |   1 |  297.0 |
          Lair |   8414 |   7792 |    622 |   2781 |   3364 |   6 | 1402.3 |
         Swamp |    280 |    280 |      0 |     51 |    155 |   1 |  280.0 |
  Orcish Mines |   2395 |   2326 |     69 |    559 |   1169 |   2 | 1197.5 |
         Sewer |    138 |    138 |      0 |     57 |      0 |   1 |  138.0 |
       Ossuary |   1211 |   1211 |      0 |    870 |      0 |   1 | 1211.0 |
      Ice Cave |    520 |    520 |      0 |     73 |    190 |   1 |  520.0 |
      Gauntlet |    699 |    699 |      0 |    307 |      0 |   1 |  699.0 |
               +--------+--------+--------+--------+--------+-----+--------+

Top non-repeatable levels by time:
     D:8: 2760 daAuts
    D:11: 2628 daAuts
  Lair:1: 2313 daAuts
     D:5: 2011 daAuts
  Lair:2: 1834 daAuts
    D:13: 1786 daAuts
    D:12: 1563 daAuts
     D:7: 1475 daAuts
    D:15: 1475 daAuts
    D:10: 1440 daAuts
  Lair:4: 1421 daAuts
   Orc:2: 1283 daAuts
 Ossuary: 1211 daAuts
     D:9: 1203 daAuts
    D:14: 1192 daAuts
